[Event "Titled Tuesday Blitz May 30 Early 2023"]
[White "Nihal Sarin"]
[Black "surrenderPLS"]
[WhiteFideId "25092340"]
[WhiteElo "2689"]
[BlackElo "2525"]
[Result "1-0"]
[Round "01"]
[TimeControl "180+2"]
[Date "2023.05.30"]
[WhiteClock "0:01:20"]
[BlackClock "0:00:02"]

1. d4 Nf6 2. Nf3 e6 3. g3 c5 4. Bg2 cxd4 5. Nxd4 Nc6 6. c4 Be7 7. Nc3 O-O 8. O-O d5 9. cxd5 Nxd5 10. Nxd5 exd5 11. Be3 Bf6 12. Rc1 Bxd4 13. Bxd4 Be6 14. Bc5 Re8 15. Qb3 Qd7 16. Rfd1 Rad8 17. Qa3 b6 18. Bd4 Nxd4 19. Rxd4 Rc8 20. Rcd1 Rc5 21. e4 Rec8 22. exd5 Bh3 23. Bxh3 Qxh3 24. Qxa7 Rc2 25. Qa6 Rxb2 26. d6 g6 27. d7 Rd8 28. Qc4 Qf5 29. Rf4 Qe6 30. Qxe6 fxe6 31. a4 Kg7 32. Rd6 e5 33. Re4 Ra2 34. Rxe5 Rxa4 35. Re7+ Kf8 36. Rxh7 Raa8 37. Rxb6 Ra7 38. Rxg6 Rdxd7 39. Rxd7 Rxd7 40. Rg4 Kf7 41. Rf4+ Kg7 42. Kg2 Rd1 43. h4 Rd2 44. g4 Ra2 45. Kg3 Ra3+ 46. f3 Ra2 47. h5 Ra1 48. Rf5 Rg1+ 49. Kh4 Ra1 50. Kg5 Ra6 51. f4 Kg8 52. h6 Ra7 53. Kh5 Rc7 54. g5 Rc4 55. g6 Rc8 56. h7+ Kg7 57. Rf7+ Kh8 58. Kh6 Rg8 59. Rf8 Rxf8 60. g7# 1-0


[Site "https://www.chess.com"]

[Event "Titled Tuesday Blitz May 30 Early 2023"]
[White "Tologon tegin, Semetei"]
[Black "Naroditsky, Daniel"]
[WhiteFideId "13800574"]
[BlackFideId "2026961"]
[WhiteElo "2247"]
[BlackElo "2633"]
[Result "1/2-1/2"]
[Round "01"]
[TimeControl "180+2"]
[Date "2023.05.30"]
[WhiteClock "0:00:19"]
[BlackClock "0:00:07"]

1. e4 c5 2. Nf3 d6 3. d4 cxd4 4. Nxd4 Nf6 5. Nc3 a6 6. a3 e5 7. Nf3 Be7 8. Bg5 O-O 9. Bc4 Be6 10. Bxf6 Bxf6 11. Nd5 Nd7 12. O-O Rc8 13. Ba2 Bg5 14. c3 Kh8 15. h3 Bh6 16. Qe2 f5 17. exf5 Bxf5 18. Rad1 Nc5 19. Ne3 Bxe3 20. Qxe3 Qf6 21. Bd5 b5 22. Rd2 Rcd8 23. Rfd1 h6 24. b4 Na4 25. c4 Rc8 26. cxb5 axb5 27. Bb7 Rcd8 28. Bc6 Bd7 29. Bxd7 Rxd7 30. Nxe5 Rdd8 31. Ng4 Qg6 32. Qg3 h5 33. Ne5 Qxg3 34. fxg3 Rf6 35. Rxd6 Rc8 36. Rxf6 gxf6 37. Nd7 Rd8 38. Rd5 Nc3 39. Rd3 Ne4 40. Nc5 Rxd3 41. Nxd3 Nxg3 42. Nc5 Ne2+ 43. Kf2 Nd4 44. a4 bxa4 45. Nxa4 Kg7 46. Nc3 Kf7 47. b5 Ke6 48. Ke3 Nf5+ 49. Kf4 Ne7 50. b6 Kd7 51. Ne4 Nd5+ 52. Kg3 f5 53. b7 Kc7 54. Nc5 Ne3 55. Kf3 Nd5 56. g3 Kb8 57. Kf2 Kc7 58. Kf3 Kb8 59. Ke2 Kc7 60. h4 f4 61. gxf4 Nxf4+ 62. Kf3 Ng6 63. Kg3 Kb8 64. Kf3 Nxh4+ 65. Kf4 Ng6+ 66. Kg5 h4 67. Kg4 Kc7 68. Kh3 Kb8 69. Kg4 Kc7 70. Kh3 Kb8 71. Kg4 1/2-1/2


[Site "https://www.chess.com"]

[Event "Titled Tuesday Blitz May 30 Early 2023"]
[White "Nepomniachtchi, Ian"]
[Black "Bilan, Danila"]
[WhiteFideId "4168119"]
[BlackFideId "24161918"]
[WhiteElo "2781"]
[BlackElo "2182"]
[Result "1-0"]
[Round "01"]
[TimeControl "180+2"]
[Date "2023.05.30"]
[WhiteClock "0:02:06"]
[BlackClock "0:00:00"]

1. e4 c6 2. d4 d5 3. Nc3 dxe4 4. Nxe4 Bf5 5. Ng3 Bg6 6. h4 h6 7. Nf3 Nd7 8. Bd3 Bxd3 9. Qxd3 Qc7 10. Bd2 e6 11. O-O-O Bd6 12. Ne4 Bf4 13. Kb1 Bxd2 14. Nfxd2 Ngf6 15. Qa3 Nxe4 16. Nxe4 Rf8 17. Nd6+ Kd8 18. Rhe1 Qb6 19. Nc4 Qb5 20. Nd6 Qb6 21. f4 g6 22. h5 gxh5 23. f5 a5 24. Nxf7+ Rxf7 25. fxe6 Rf8 26. Qd6 Qc7 27. e7+ 1-0


[Site "https://www.chess.com"]

[Event "Titled Tuesday Blitz May 30 Early 2023"]
[White "Jakic, Ivan"]
[Black "Bluebaum, Matthias"]
[WhiteFideId "14504901"]
[BlackFideId "24651516"]
[WhiteElo "2370"]
[BlackElo "2639"]
[Result "0-1"]
[Round "01"]
[TimeControl "180+2"]
[Date "2023.05.30"]
[WhiteClock "0:00:00"]
[BlackClock "0:00:45"]

1. e4 e6 2. d4 d5 3. Nd2 c5 4. exd5 Qxd5 5. Ngf3 cxd4 6. Bc4 Qd6 7. O-O Nf6 8. Nb3 Nc6 9. Nbxd4 Nxd4 10. Qxd4 Qxd4 11. Nxd4 Bd7 12. Bb3 Bc5 13. Rd1 O-O 14. h3 Rfd8 15. c3 Be8 16. Be3 Bb6 17. Rd2 Nd5 18. Bxd5 Rxd5 19. Rad1 Rad8 20. Nc2 Rxd2 21. Rxd2 Rxd2 22. Bxd2 Bc7 23. Be3 b6 24. f3 e5 25. Kf2 Bc6 26. Nb4 Bb7 27. Nd3 f6 28. b4 Bd5 29. a4 Kf7 30. Nb2 Bc6 31. a5 Ke6 32. axb6 axb6 33. Nc4 b5 34. Na3 Bd6 35. Ke2 f5 36. g4 f4 37. Bf2 Kd7 38. Be1 Bd5 39. Bf2 Kc6 40. Be1 e4 41. fxe4 Bxe4 42. c4 bxc4 43. Nxc4 Bc7 44. Nd2 Bd5 45. Nf3 Kb5 46. Nd4+ Kc4 47. Nf5 g6 48. Ne7 Be4 49. Bd2 Be5 50. h4 f3+ 51. Kf2 Kd3 52. Be1 Bf6 53. Ng8 Bxh4+ 54. Kf1 Bg5 55. Bf2 Kd2 56. b5 Bd3+ 57. Kg1 Bxb5 58. Bd4 Be3+ 59. Bxe3+ Kxe3 60. Nf6 f2+ 0-1


[Site "https://www.chess.com"]

[Event "Titled Tuesday Blitz May 30 Early 2023"]
[White "Paravyan, David"]
[Black "Chylewski, Patryk"]
[WhiteFideId "4194985"]
[BlackFideId "1186191"]
[WhiteElo "2563"]
[BlackElo "2163"]
[Result "0-1"]
[Round "01"]
[TimeControl "180+2"]
[Date "2023.05.30"]
[WhiteClock "0:00:00"]
[BlackClock "0:00:10"]

1. c4 e6 2. Nc3 d5 3. d4 a6 4. cxd5 exd5 5. Bf4 Nf6 6. e3 Be6 7. Bd3 Bd6 8. Nge2 Nbd7 9. Bxd6 cxd6 10. Nf4 O-O 11. O-O b5 12. Qf3 Nb6 13. a3 Re8 14. h3 Rc8 15. Rac1 Qd7 16. Bb1 h6 17. Ba2 Qb7 18. Rfe1 Nc4 19. Bxc4 bxc4 20. Re2 Ne4 21. Nxe4 dxe4 22. Qg3 Bf5 23. d5 Re5 24. Rec2 Qb3 25. Ne2 Rxd5 26. Nd4 Qd3 27. Qf4 Bg6 28. Qg4 Rc7 29. Rd1 h5 30. Rxd3 hxg4 31. Rdc3 gxh3 32. Rxc4 Rxc4 33. Rxc4 hxg2 34. Rc6 a5 35. b4 axb4 36. axb4 Rg5 37. b5 Bh5 38. b6 Bf3 39. b7 Rh5 40. b8=Q+ Kh7 41. Nxf3 exf3 0-1


[Site "https://www.chess.com"]

[Event "Titled Tuesday Blitz May 30 Early 2023"]
[White "Jegorovas, Aleksandras"]
[Black "Bortnyk, Olexandr"]
[WhiteFideId "12801950"]
[BlackFideId "14120828"]
[WhiteElo "2247"]
[BlackElo "2734"]
[Result "0-1"]
[Round "01"]
[TimeControl "180+2"]
[Date "2023.05.30"]
[WhiteClock "0:00:14"]
[BlackClock "0:00:30"]

1. Nf3 Nf6 2. c4 b6 3. d4 Bb7 4. Nc3 g6 5. g3 Bg7 6. Bg2 O-O 7. O-O Ne4 8. Nxe4 Bxe4 9. Be3 d5 10. cxd5 Qxd5 11. Qd2 Nc6 12. Rac1 Rfd8 13. Rfd1 Qxa2 14. Bh6 Nxd4 15. Nxd4 Rxd4 16. Qe3 Rxd1+ 17. Rxd1 Bxg2 18. Bxg7 Kxg7 19. Kxg2 Qxb2 20. Qxe7 c5 21. e4 Qf6 22. Qb7 Re8 23. Rd7 a5 24. f4 Qb2+ 25. Kh3 Qb3 26. e5 a4 27. Rd5 Qf3 28. Qc6 Re6 29. Qa8 Qf1+ 30. Kh4 Qg2 31. h3 Qf3 32. g4 Qf2+ 33. Kg5 h6# 0-1


[Site "https://www.chess.com"]

[Event "Titled Tuesday Blitz May 30 Early 2023"]
[White "Martinez Alcantara, Jose Eduardo"]
[Black "Goffredo_Fofi"]
[WhiteFideId "3805662"]
[WhiteElo "2711"]
[BlackElo "2515"]
[Result "1-0"]
[Round "01"]
[TimeControl "180+2"]
[Date "2023.05.30"]
[WhiteClock "0:01:29"]
[BlackClock "0:00:16"]

1. e4 c6 2. d4 d5 3. e5 Bf5 4. h4 h5 5. Bd3 Bxd3 6. Qxd3 Qa5+ 7. b4 Qxb4+ 8. Nd2 e6 9. Rb1 Qe7 10. Ne2 Qd7 11. Nf3 c5 12. O-O Nc6 13. c3 Nh6 14. Bg5 c4 15. Qd2 Be7 16. Ng3 O-O-O 17. Nxh5 Nf5 18. g4 Rh7 19. Kg2 Rdh8 20. Rh1 Qd8 21. Qf4 f6 22. gxf5 Rxh5 23. Qg4 fxg5 24. hxg5 Rxh1 25. Rxh1 Rxh1 26. Kxh1 exf5 27. Qxf5+ Qd7 28. Qf7 Qh3+ 29. Kg1 Qxf3 30. Qxf3 1-0


[Site "https://www.chess.com"]

[Event "Titled Tuesday Blitz May 30 Early 2023"]
[White "Garakov, Mikhael"]
[Black "Le, Tuan Minh"]
[WhiteFideId "4169034"]
[BlackFideId "12401153"]
[WhiteElo "2347"]
[BlackElo "2566"]
[Result "0-1"]
[Round "01"]
[TimeControl "180+2"]
[Date "2023.05.30"]
[WhiteClock "0:00:00"]
[BlackClock "0:00:19"]

1. e4 c5 2. Nf3 Nf6 3. e5 Nd5 4. Nc3 e6 5. g3 Nc6 6. Bg2 d6 7. exd6 Bxd6 8. O-O O-O 9. d4 Nxc3 10. bxc3 h6 11. Be3 Qa5 12. Nd2 cxd4 13. cxd4 Be7 14. c4 Rd8 15. Nb3 Qa4 16. Qe2 b6 17. d5 exd5 18. Bxd5 Bf6 19. Rad1 Bh3 20. Bxf7+ Kxf7 21. Qh5+ Kg8 22. Qxh3 Qxc4 23. Rc1 Qd5 24. Qg2 Ne5 25. Qxd5+ Rxd5 26. Rfd1 Nd3 27. Rc7 Nb4 28. Rxd5 Nxd5 29. Rd7 Nxe3 30. fxe3 Re8 31. Kf2 Bg5 32. Rd3 Rc8 33. h4 Bf6 34. Kf3 Rc2 35. Rd2 Rc3 36. Ke4 h5 37. Nd4 Kf7 38. Nb5 Rc4+ 39. Kf3 Ra4 40. Nd6+ Kg6 41. Ne4 Ra3 42. Nxf6 gxf6 43. Kf4 b5 44. e4 Ra4 45. Rb2 a6 46. Rg2 f5 0-1


[Site "https://www.chess.com"]

[Event "Titled Tuesday Blitz May 30 Early 2023"]
[White "Duda, Jan-Krzysztof"]
[Black "Ozates, Tuna"]
[WhiteFideId "1170546"]
[BlackFideId "6354521"]
[WhiteElo "2790"]
[BlackElo "2151"]
[Result "1-0"]
[Round "01"]
[TimeControl "180+2"]
[Date "2023.05.30"]
[WhiteClock "0:01:22"]
[BlackClock "0:00:02"]

1. Nf3 c5 2. e4 Nc6 3. d4 cxd4 4. Nxd4 e5 5. Nb5 d6 6. c4 Be6 7. Bd3 g6 8. O-O Bg7 9. Be3 a6 10. N5c3 Nge7 11. Nd5 O-O 12. Bb6 Qd7 13. Nc7 Rac8 14. Nxe6 fxe6 15. Nc3 Nd4 16. a4 Nec6 17. a5 Nb4 18. Ra4 Nxd3 19. Qxd3 Qc6 20. Rfa1 Rf7 21. Ne2 Rcf8 22. f3 Nxf3+ 23. gxf3 Rxf3 24. Qc2 Bh6 25. R4a3 R3f7 26. Rd1 Rc8 27. Rc3 Qe8 28. Rxd6 Qe7 29. Rcd3 Rcf8 30. Rd8 Rf1+ 31. Kg2 Qg5+ 32. Ng3 Qg4 33. Qe2 Qxe2+ 34. Nxe2 Re1 35. Nc3 Rc1 36. Rxf8+ Bxf8 37. Be3 Rc2+ 38. Rd2 Rc1 39. c5 Kf7 40. Rd7+ 1-0


[Site "https://www.chess.com"]

[Event "Titled Tuesday Blitz May 30 Early 2023"]
[White "Ginzburg, Yakov"]
[Black "Dubov, Daniil"]
[WhiteFideId "4157176"]
[BlackFideId "24126055"]
[WhiteElo "2305"]
[BlackElo "2793"]
[Result "0-1"]
[Round "01"]
[TimeControl "180+2"]
[Date "2023.05.30"]
[WhiteClock "0:00:00"]
[BlackClock "0:00:57"]

1. e4 e5 2. Nf3 Nc6 3. Bb5 a6 4. Bxc6 dxc6 5. O-O Qf6 6. d4 exd4 7. Qxd4 Qxd4 8. Nxd4 Bd6 9. Be3 Nf6 10. f3 O-O 11. Nd2 Re8 12. Rfe1 c5 13. N4b3 b6 14. Nc4 Be6 15. Nxd6 cxd6 16. Rad1 d5 17. Bg5 d4 18. Bxf6 gxf6 19. c3 dxc3 20. bxc3 Red8 21. Kf2 Kf8 22. Ke3 Ke7 23. g4 a5 24. h3 a4 25. Nc1 a3 26. Rd2 Rxd2 27. Kxd2 h5 28. Kc2 hxg4 29. hxg4 Rh8 30. Re2 Rh3 31. Rf2 Kd6 32. Kb1 Bc4 33. Kc2 b5 34. Nb3 Rh1 35. Nc1 Ke5 36. Rd2 Kf4 37. Rd6 Rh2+ 38. Kb1 Ke3 39. Rxf6 Rb2+ 40. Ka1 Kd2 0-1


[Site "https://www.chess.com"]

[Event "Titled Tuesday Blitz May 30 Early 2023"]
[White "Lazavik, Denis"]
[Black "Ladan, Nicholas"]
[WhiteFideId "13515110"]
[BlackFideId "30918855"]
[WhiteElo "2560"]
[BlackElo "2167"]
[Result "0-1"]
[Round "01"]
[TimeControl "180+2"]
[Date "2023.05.30"]
[WhiteClock "0:00:04"]
[BlackClock "0:00:10"]

1. d4 d5 2. c4 c6 3. Nf3 Nf6 4. Qc2 g6 5. cxd5 cxd5 6. Bf4 Nc6 7. Nc3 a6 8. e3 Bg7 9. Be2 O-O 10. O-O Nh5 11. Bg5 h6 12. Bh4 Bf5 13. Qb3 g5 14. Bg3 Nxg3 15. hxg3 e6 16. Qxb7 Na5 17. Qb4 Rb8 18. Qa3 Nc4 19. Bxc4 dxc4 20. e4 Bg4 21. Ne5 Bxe5 22. dxe5 Qb6 23. Na4 Qd4 24. Qc3 Rfd8 25. Qxd4 Rxd4 26. f3 Bh5 27. Rf2 g4 28. Nc3 Rd3 29. Raf1 Bg6 30. Rc2 Bh5 31. Ne2 gxf3 32. Nf4 fxg2 33. Rxg2 Bf3 34. Rgf2 Bxe4 35. Nxd3 cxd3 36. Re1 Bf5 37. Rd2 h5 38. Kf2 Kg7 39. Ke3 Kg6 40. Rb1 Rb4 41. Kf2 Kg5 42. b3 Re4 43. Re1 Rg4 44. a3 h4 45. gxh4+ Rxh4 46. Ke3 Re4+ 47. Kf2 Rf4+ 48. Kg1 Rh4 49. b4 Be4 50. a4 Kf4 51. Rf1+ Bf3 52. Rh2 Rxh2 53. Kxh2 d2 54. b5 axb5 55. axb5 d1=Q 56. Rxd1 Bxd1 57. b6 Bf3 0-1


[Site "https://www.chess.com"]

[Event "Titled Tuesday Blitz May 30 Early 2023"]
[White "cristianserban1"]
[Black "Kramnik, Vladimir"]
[BlackFideId "4101588"]
[WhiteElo "2510"]
[BlackElo "2703"]
[Result "0-1"]
[Round "01"]
[TimeControl "180+2"]
[Date "2023.05.30"]
[WhiteClock "0:00:00"]
[BlackClock "0:00:13"]

1. d4 Nf6 2. Bf4 c5 3. e3 g6 4. Nf3 Bg7 5. c3 cxd4 6. exd4 O-O 7. Nbd2 d6 8. h3 Nc6 9. Be2 Nh5 10. Bh2 e5 11. dxe5 dxe5 12. Nc4 Nf4 13. Bxf4 exf4 14. Qxd8 Rxd8 15. O-O b5 16. Ncd2 b4 17. Rac1 Rb8 18. Nc4 h6 19. cxb4 Nxb4 20. a3 Nc6 21. b4 Be6 22. Rcd1 g5 23. Rd6 Rdc8 24. Nfd2 Nd4 25. Bg4 Bxc4 26. Bxc8 Rxc8 27. Nxc4 Rxc4 28. Ra6 f3 29. gxf3 Nxf3+ 30. Kg2 Nh4+ 31. Kh2 Be5+ 32. Kh1 Rc3 33. f3 Nxf3 34. Rxa7 h5 35. Ra5 g4 36. hxg4 hxg4 37. Rxf3 gxf3 38. Rxe5 Rc1+ 39. Kh2 f2 40. Re8+ Kg7 0-1


[Site "https://www.chess.com"]

[Event "Titled Tuesday Blitz May 30 Early 2023"]
[White "Pranav, V"]
[Black "Bruedigam, Martin"]
[WhiteFideId "25060783"]
[BlackFideId "24608033"]
[WhiteElo "2515"]
[BlackElo "2331"]
[Result "1/2-1/2"]
[Round "01"]
[TimeControl "180+2"]
[Date "2023.05.30"]
[WhiteClock "0:00:07"]
[BlackClock "0:00:05"]

1. e4 c6 2. d4 d5 3. e5 Bf5 4. Nf3 e6 5. Be2 Nd7 6. c3 a5 7. O-O a4 8. Nbd2 a3 9. b4 f6 10. exf6 Ngxf6 11. Nh4 Bd6 12. Nxf5 exf5 13. Bd3 Ne4 14. Bxe4 fxe4 15. Qg4 Nf6 16. Qxg7 Bxh2+ 17. Kxh2 Rg8 18. Qxb7 Ng4+ 19. Kg1 Qh4 20. Nf3 exf3 21. Bf4 Ne3 22. Bg3 Rxg3 23. fxg3 Qxg3 24. Qxa8+ Kd7 25. Qb7+ Kd8 26. Rf2 Ng4 27. Qa8+ Kd7 28. Qa7+ Kd8 29. Qa8+ Kd7 30. Rxf3 Qh2+ 31. Kf1 Qh1+ 32. Ke2 Qxg2+ 33. Ke1 Qxf3 34. Qb7+ Kd6 35. Qb8+ Kd7 36. Qb7+ Kd6 37. Qb8+ Kd7 38. Qb7+ 1/2-1/2


[Site "https://www.chess.com"]

[Event "Titled Tuesday Blitz May 30 Early 2023"]
[White "Devaev, Alexander"]
[Black "Bok, Benjamin"]
[WhiteFideId "4169395"]
[BlackFideId "1017063"]
[WhiteElo "2172"]
[BlackElo "2657"]
[Result "0-1"]
[Round "01"]
[TimeControl "180+2"]
[Date "2023.05.30"]
[WhiteClock "0:00:30"]
[BlackClock "0:01:23"]

1. Nf3 d5 2. c4 e6 3. d4 Nf6 4. Nc3 c6 5. Bg5 h6 6. Bxf6 Qxf6 7. e3 g6 8. Qc2 Nd7 9. Bd3 Bg7 10. O-O O-O 11. Rad1 Qe7 12. Rfe1 dxc4 13. Bxc4 Rd8 14. h3 b6 15. e4 Bb7 16. a3 Rac8 17. Qb3 b5 18. Bf1 a6 19. Qc2 c5 20. d5 Ne5 21. Nxe5 Bxe5 22. a4 b4 23. Nb1 exd5 24. exd5 Qf6 25. b3 Bd4 26. Bc4 Bxd5 27. Bxa6 Qxa6 0-1


[Site "https://www.chess.com"]

[Event "Titled Tuesday Blitz May 30 Early 2023"]
[White "Deac, Bogdan-Daniel"]
[Black "LangesNasenhaar"]
[WhiteFideId "1226380"]
[WhiteElo "2649"]
[BlackElo "2507"]
[Result "1-0"]
[Round "01"]
[TimeControl "180+2"]
[Date "2023.05.30"]
[WhiteClock "0:00:49"]
[BlackClock "0:00:04"]

1. g3 d5 2. Bg2 c6 3. d3 Bf5 4. Nd2 h6 5. e4 Bh7 6. Nh3 e6 7. O-O Nf6 8. Qe2 Be7 9. f4 O-O 10. g4 dxe4 11. dxe4 Bg6 12. g5 hxg5 13. fxg5 Nfd7 14. Nf3 Bh5 15. Qe1 Bxf3 16. Rxf3 Ne5 17. Rg3 Ng6 18. Nf4 Nxf4 19. Bxf4 g6 20. Qc3 Qb6+ 21. Kh1 Bb4 22. Qf3 Nd7 23. Rd1 Rad8 24. Rh3 Rfe8 25. Rxd7 Rxd7 26. Be5 f6 27. Qxf6 Rd1+ 28. Bf1 Rxf1+ 29. Qxf1 1-0


[Site "https://www.chess.com"]

[Event "Titled Tuesday Blitz May 30 Early 2023"]
[White "Shukhman, Anna"]
[Black "Narayanan.S.L"]
[WhiteFideId "54180058"]
[BlackFideId "5058422"]
[WhiteElo "2235"]
[BlackElo "2563"]
[Result "1/2-1/2"]
[Round "01"]
[TimeControl "180+2"]
[Date "2023.05.30"]
[WhiteClock "0:00:16"]
[BlackClock "0:00:10"]

1. e4 c5 2. Nf3 e6 3. d4 cxd4 4. Nxd4 Nc6 5. c4 Bc5 6. Nb3 Bb6 7. Nc3 Nf6 8. Be2 O-O 9. O-O d6 10. Bf4 e5 11. Bg5 Be6 12. Nd5 Bxd5 13. cxd5 Nd4 14. a4 h6 15. Bxf6 Qxf6 16. a5 Nxb3 17. Qxb3 Bd4 18. a6 bxa6 19. Rxa6 Rab8 20. Qa3 Rxb2 21. Rxd6 Qf4 22. Qf3 Qd2 23. Ba6 Rfb8 24. Rd7 Qf4 25. d6 Rd2 26. Bc4 Qxf3 27. gxf3 Rbb2 28. Rxf7 Kh7 29. d7 Bb6 30. Be6 Kg6 31. Rf8 Rd6 32. Bf5+ Kg5 33. Kg2 g6 34. Rg8 h5 35. h4+ Kh6 36. Bh3 Rdd2 37. Kg3 a5 38. Be6 a4 39. Ra8 Rd6 40. Bh3 Ra2 41. f4 Rd3+ 42. f3 exf4+ 43. Kxf4 Bc7+ 44. e5 Raa3 45. Ke4 Re3+ 46. Kd5 Rad3+ 47. Kc6 Rc3+ 48. Kb7 Rxe5 49. d8=Q Bxd8 50. Rxd8 Rb5+ 51. Ka6 Rb4 52. Bd7 Rxh4 53. Ra1 a3 54. Bb5 Rxf3 55. Rd6 Rhf4 56. Bd3 Rf6 57. Rxf6 Rxf6+ 58. Kb5 g5 59. Rxa3 g4 60. Kc4 Kg5 61. Ra1 g3 62. Kd4 h4 63. Ke3 h3 64. Be4 Kg4 65. Ra8 Rh6 66. Rg8+ Kh4 67. Kf3 Rf6+ 68. Ke3 h2 69. Rh8+ Kg4 70. Rg8+ Kh5 71. Rh8+ Kg5 72. Rg8+ Kh4 73. Rh8+ Kg4 74. Rg8+ Kh5 75. Rh8+ Rh6 76. Rxh6+ Kxh6 77. Bh1 Kg5 78. Kf3 Kh4 79. Kg2 Kg4 80. Kf1 Kh3 81. Bg2+ Kh4 82. Ke2 Kg5 83. Kf3 Kh4 84. Kf4 Kh5 85. Kxg3 Kh6 86. Kxh2 1/2-1/2


[Site "https://www.chess.com"]

[Event "Titled Tuesday Blitz May 30 Early 2023"]
[White "Hakobyan, Aram"]
[Black "Ronka, Erik"]
[WhiteFideId "13306677"]
[BlackFideId "505080"]
[WhiteElo "2584"]
[BlackElo "2264"]
[Result "1/2-1/2"]
[Round "01"]
[TimeControl "180+2"]
[Date "2023.05.30"]
[WhiteClock "0:00:09"]
[BlackClock "0:00:23"]

1. d4 d5 2. c4 c6 3. Nf3 Nf6 4. Qc2 Na6 5. a3 g6 6. cxd5 cxd5 7. Nc3 Bg7 8. Bf4 O-O 9. e3 Bf5 10. Qb3 Qb6 11. Qxb6 axb6 12. h3 Nb4 13. Rc1 Nd3+ 14. Bxd3 Bxd3 15. Ne5 Bf5 16. g4 Be6 17. f3 Rfc8 18. Kd2 Ne8 19. Nb5 f6 20. Nd3 Bd7 21. Rxc8 Rxc8 22. Nc3 e6 23. Rc1 Bf8 24. h4 Nd6 25. b3 Ne8 26. a4 Kf7 27. g5 Nd6 28. gxf6 Kxf6 29. Ne5 Be8 30. e4 dxe4 31. fxe4 Kg7 32. Ng4 Nf7 33. Kd3 Be7 34. Rh1 Bd6 35. Bxd6 Nxd6 36. Ne5 b5 37. axb5 Nxb5 38. Nxb5 Bxb5+ 39. Kd2 Ra8 40. h5 Ra2+ 41. Kc3 gxh5 42. Rxh5 Re2 43. Rh4 h5 44. Kb4 Be8 45. Kc5 Kh6 46. Kd6 Rb2 47. Kxe6 Rxb3 48. d5 Kg5 49. Rh1 Re3 50. Rg1+ Kf4 51. Rg8 Ba4 52. Rf8+ Kxe4 53. d6 Kd4 54. Rf4+ Re4 55. Rxe4+ Kxe4 56. Nc4 h4 57. Nd2+ Kd3 58. Nf3 h3 59. Kf5 Ke3 60. Kg4 Bd7+ 61. Kg3 b5 62. Ne5 Be6 63. d7 Bxd7 64. Nxd7 b4 65. Nc5 Kd4 66. Na4 Kc4 67. Kxh3 Kb3 68. Nb6 Ka3 69. Kg3 b3 70. Nc4+ Ka2 71. Nd2 b2 72. Kf2 Ka3 73. Ke2 Kb4 74. Kd3 Ka3 75. Kc2 Ka2 76. Nb1 Ka1 77. Na3 b1=Q+ 78. Nxb1 1/2-1/2


[Site "https://www.chess.com"]

[Event "Titled Tuesday Blitz May 30 Early 2023"]
[White "Yurasova, Daria"]
[Black "Svane, Rasmus"]
[WhiteFideId "34146919"]
[BlackFideId "4657101"]
[WhiteElo "2109"]
[BlackElo "2601"]
[Result "0-1"]
[Round "01"]
[TimeControl "180+2"]
[Date "2023.05.30"]
[WhiteClock "0:00:00"]
[BlackClock "0:00:33"]

1. d4 d5 2. Nf3 e6 3. c4 a6 4. b3 Nf6 5. Bb2 b6 6. Nbd2 Bb7 7. e3 Bd6 8. Be2 O-O 9. O-O Nbd7 10. Rc1 Re8 11. Ne5 c5 12. Ndf3 Qe7 13. cxd5 exd5 14. Nxd7 Nxd7 15. dxc5 bxc5 16. Qc2 Rac8 17. Rfe1 h6 18. Bf1 Rc7 19. Qd2 Nf6 20. Rcd1 Rcc8 21. Qa5 Ne4 22. Bd3 Ng5 23. Nxg5 Qxg5 24. Qd2 Rcd8 25. Bf1 Re6 26. g3 d4 27. Bg2 Bxg2 28. Kxg2 Rde8 29. e4 Qxd2 30. Rxd2 Rxe4 31. Rxe4 Rxe4 32. b4 cxb4 33. Bxd4 Be7 34. Be3 a5 35. Rd7 a4 36. Rb7 f5 37. Bd2 Kf7 38. Kf1 Ke6 39. f3 Rc4 40. Ke1 g5 41. Rb6+ Bd6 42. Kd1 Kd5 43. Rb5+ Bc5 44. Be3 Kc6 45. Bxc5 Kxb5 46. Bf8 Rc6 0-1


[Site "https://www.chess.com"]

[Event "Titled Tuesday Blitz May 30 Early 2023"]
[White "Babazada, Khazar"]
[Black "Mostbauer, Florian"]
[WhiteFideId "13413554"]
[BlackFideId "1626671"]
[WhiteElo "2351"]
[BlackElo "2234"]
[Result "1-0"]
[Round "01"]
[TimeControl "180+2"]
[Date "2023.05.30"]
[WhiteClock "0:02:27"]
[BlackClock "0:02:13"]

1. e4 c6 2. d4 d5 3. Nc3 dxe4 4. Nxe4 Nf6 5. Nxf6+ exf6 6. c3 Bd6 7. Bd3 O-O 8. Qc2 Re8+ 9. Ne2 h5 10. O-O h4 11. Bd2 h3 12. Ng3 hxg2 13. Rfe1 Be6 14. Bh7+ Kf8 15. Nf5 Bxf5 16. Qxf5 Nd7 17. Qh5 Qa5 18. Qxa5 1-0


[Site "https://www.chess.com"]

[Event "Titled Tuesday Blitz May 30 Early 2023"]
[White "Janaszak, Dawid"]
[Black "Lenderman, Aleksandr"]
[WhiteFideId "1119206"]
[BlackFideId "2021285"]
[WhiteElo "2220"]
[BlackElo "2607"]
[Result "0-1"]
[Round "01"]
[TimeControl "180+2"]
[Date "2023.05.30"]
[WhiteClock "0:00:01"]
[BlackClock "0:00:55"]

1. e4 e5 2. Nf3 Nc6 3. d4 exd4 4. Nxd4 Nf6 5. Nxc6 bxc6 6. e5 Qe7 7. Qe2 Nd5 8. h4 Qe6 9. Nd2 d6 10. exd6 cxd6 11. Nc4 Be7 12. Qxe6 Bxe6 13. Bd2 O-O 14. O-O-O Rfd8 15. g3 Rac8 16. Na5 Nb6 17. Ba6 Rc7 18. a3 d5 19. Bf4 Bd6 20. Bxd6 Rxd6 21. Rhe1 Kf8 22. Nb7 Rdd7 23. Nc5 Re7 24. Bd3 h6 25. f3 Bc8 26. Kd2 Rxe1 27. Rxe1 Nd7 28. Nxd7+ Bxd7 29. c4 d4 30. b4 Be6 31. Re5 Ke7 32. Ra5 Kd6 33. f4 Bd7 34. Be4 c5 35. Kd3 Be6 36. bxc5+ Rxc5 37. Ra6+ Ke7 38. Rxa7+ Kf6 39. Kxd4 Rxc4+ 40. Ke3 Rc3+ 41. Ke2 Rxg3 42. a4 Rg4 43. Kf3 Rxh4 44. a5 Rh3+ 45. Kf2 Ra3 46. a6 Bc4 47. Rc7 Bxa6 48. Bd5 Bd3 49. Rxf7+ Kg6 50. Rd7 Bf5 51. Rd6+ Kh5 52. Bf3+ Bg4 53. Rd5+ Kh4 54. Bxg4 Kxg4 55. Rd7 g6 56. Rd6 Kf5 57. Kg2 h5 58. Rc6 h4 59. Kh2 Rf3 60. Kg2 Rg3+ 61. Kf2 Kxf4 62. Rc4+ Kg5 63. Rc5+ Kg4 64. Rc8 g5 65. Rc5 Kh3 66. Rc1 Kh2 67. Rc2 Rg2+ 0-1


[Site "https://www.chess.com"]

[Event "Titled Tuesday Blitz May 30 Early 2023"]
[White "Sjugirov, Sanan"]
[Black "Toncheva, Nadya"]
[WhiteFideId "4189302"]
[BlackFideId "2924056"]
[WhiteElo "2569"]
[BlackElo "2101"]
[Result "1-0"]
[Round "01"]
[TimeControl "180+2"]
[Date "2023.05.30"]
[WhiteClock "0:00:18"]
[BlackClock "0:00:01"]

1. e4 c5 2. Nf3 e6 3. d4 cxd4 4. Nxd4 Nc6 5. Nc3 Qc7 6. Be3 a6 7. a3 Nf6 8. Be2 Be7 9. g4 O-O 10. g5 Ne8 11. h4 Nxd4 12. Qxd4 Qd6 13. Qxd6 Nxd6 14. Bc5 Re8 15. O-O-O Nf5 16. Bb6 Nxh4 17. Rhg1 Ng6 18. Kb1 Bd8 19. Na4 Rb8 20. c4 Bxb6 21. Nxb6 Rd8 22. c5 Nf8 23. Rd6 Ng6 24. b4 Nf8 25. f4 Ng6 26. Rf1 Rf8 27. f5 Ne5 28. f6 g6 29. Kb2 Rd8 30. Kc3 Nc6 31. a4 Ne5 32. b5 axb5 33. axb5 Re8 34. Kd4 Nc6+ 35. bxc6 dxc6 36. Ke5 Kf8 37. Rh1 Kg8 38. Rd3 1-0


[Site "https://www.chess.com"]

[Event "Titled Tuesday Blitz May 30 Early 2023"]
[White "MariusBieliauskas"]
[Black "Pranesh M"]
[BlackFideId "35028600"]
[WhiteElo "2502"]
[BlackElo "2437"]
[Result "0-1"]
[Round "01"]
[TimeControl "180+2"]
[Date "2023.05.30"]
[WhiteClock "0:00:00"]
[BlackClock "0:00:06"]

1. c4 c6 2. d4 d5 3. Nf3 Nf6 4. Qc2 g6 5. Bf4 Bg7 6. e3 O-O 7. Nc3 Bf5 8. Qb3 Qb6 9. Be2 Nbd7 10. h3 Qxb3 11. axb3 Ne4 12. O-O Rfc8 13. Ra5 e6 14. g4 Nxc3 15. bxc3 Bc2 16. Nd2 b6 17. Ra2 g5 18. Bxg5 Bg6 19. Rfa1 a5 20. b4 c5 21. bxc5 bxc5 22. Rxa5 Rxa5 23. Rxa5 Rb8 24. cxd5 exd5 25. Bb5 Nf8 26. Bf4 Rc8 27. Ba6 Ra8 28. Ra2 Ne6 29. Bd6 cxd4 30. cxd4 h5 31. Bc4 Rd8 32. Be7 Re8 33. Bxd5 Rxe7 34. Ra8+ Kh7 35. Nf3 Nc7 36. Ra5 hxg4 37. hxg4 Nxd5 38. Rxd5 Bf6 39. Rd6 Bg7 40. Ng5+ Kh6 41. Nf3 Bf8 42. Rb6 Kg7 43. Ne5 Rc7 44. Kg2 Be4+ 0-1


[Site "https://www.chess.com"]